 Dungeon Crawl Stone Soup version 0.28-a0-1348-g050f3537b9 (webtiles) character file.

Game seed: 1863920112963468821

461 Deminshera the Covert (level 7, 0/43 HPs)
             Began as a Kobold Brigand on Dec 30, 2021.
             Slain by Duvessa (14 damage)
             ... on level 5 of the Dungeon.
             The game lasted 00:05:00 (5832 turns).

Deminshera the Covert (Kobold Brigand)              Turns: 5832, Time: 00:05:00

Health: 0/43       AC:  6    Str: 10    XL:     7   Next: 28%
Magic:  7/7        EV: 13    Int: 13    God:
Gold:   5          SH:  0    Dex: 16    Spells: 6/6 levels left

rFire   . . .      SeeInvis .   a - +2 dagger
rCold   . . .      Faith    .   (no shield)
rNeg    . . .      Spirit   .   m - +2 leather armour {rPois}
rPois   +          Reflect  .   (no helmet)
rElec   .          Harm     .   c - +0 cloak
rCorr   .          Rampage  .   (no gloves)
Will    .....                   (no boots)
Stlth   +++++.....              (no amulet)
HPRegen 0.14/turn               (no ring)
MPRegen 0.10/turn               (no ring)

@: no status effects
A: small, no large weapons, nightstalker 3
a: no special abilities


You were on level 5 of the Dungeon.
You visited 1 branch of the dungeon, and saw 5 of its levels.

You collected 165 gold pieces.
You spent 160 gold pieces at shops.

Inventory:

Hand Weapons
 a - a +2 dagger (weapon)
Missiles
 d - 8 poisoned darts (quivered)
 f - 32 bolts
Armour
 c - a +0 cloak (worn)
 m - a +2 leather armour of poison resistance (worn)
Scrolls
 b - 2 scrolls of identify {unknown}
 g - a scroll of vulnerability {unknown}
 i - 2 scrolls of holy word {unknown}
 j - 2 scrolls of noise {unknown}
 l - 2 scrolls of teleportation {unknown}
Potions
 h - a potion of attraction {unknown}
 k - a potion of mutation {unknown}
 n - a potion of heal wounds


   Skills:
 + Level 4.0 Fighting
 * Level 6.4 Short Blades
 - Level 2.1 Throwing
 - Level 1.2 Dodging
 * Level 8.4 Stealth


You had 6 spell levels left.
You didn't know any spells.
Your spell library contained the following spells:

 Spells                   Type           Power      Damage    Failure   Level
 Animate Skeleton         Necr           0%         N/A       38%         1
 Magic Dart               Conj           0%         1d3       38%         1
 Pain                     Necr           0%         1d4       38%         1
 Searing Ray              Conj           0%         2d4       54%         2
 Ozocubu's Armour         Ice            0%         N/A       77%         3
 Vampiric Draining        Necr           0%         2d6       77%         3
 Fulminant Prism          Conj/Hex       0%         3d6       99%         4
 Metabolic Englaciation   Hex/Ice        0%         N/A       100%        5
 Simulacrum               Ice/Necr       0%         N/A       100%        6


Dungeon Overview and Level Annotations

Branches:
Dungeon (5/15)
 Temple: D:4-7

Altars:

Shops:
D:4 *

Annotations:
D:5 Duvessa


Innate Abilities, Weirdness & Mutations

You are small and have problems with some larger weapons.
You are completely attuned to the shadows.


Message History

Duvessa is poisoned.
Duvessa convulses.
Duvessa seems to slow down.
Duvessa is lightly wounded.
Duvessa misses you.
Duvessa rages.
You hear an angry hiss.
Duvessa rages.
Duvessa looks more healthy.
You hear an angry hiss.
You hear an angry hiss.
Duvessa is no longer moving slowly.
You hear an angry hiss.
Throw: dart (curare)
Press: ? - help, Q - select action, (/) - cycle Shift-Dir - straight line, f/p - Duvessa
Aim: Duvessa, wielding a +0 short sword and wearing a +0 scale mail (moderately wounded, berserk, 70% to hit)
You throw a curare-tipped dart. The curare-tipped dart hits Duvessa.
Duvessa is poisoned.
Duvessa convulses.
Duvessa seems to slow down.
Duvessa is severely wounded.
Duvessa hits you with a +0 short sword!
You hear an angry hiss.
Duvessa rages.
You hit Duvessa but do no damage.
Duvessa is almost dead.
Duvessa misses you.
You barely miss Duvessa.
Duvessa is almost dead.
You hit Duvessa but do no damage.
Duvessa is almost dead.
Duvessa hits you with a +0 short sword!
You hit Duvessa.
Duvessa is almost dead.
An iguana comes into view.
Duvessa hits you with a +0 short sword.
You hit Duvessa but do no damage.
Duvessa is almost dead.
You hit Duvessa.
Duvessa is almost dead.
Duvessa hits you with a +0 short sword!
You die...

#.........
#.........
..#..#..)......
#.#..#.........
.....#.#.#<.<..
..#..#.#.######
.......#.....
.##..########
#@>.... #e.....
#...... #......
#..l...#
#......#
###......#
##........#
.............#


You could see Duvessa (berserk, poisoned, slow) and an iguana.

Vanquished Creatures
  2 necrophages
  A scorpion (D:4)
  Dowan (D:5)
  A hound (D:4)
  Jessica (D:2)
  4 adders
  3 worms (D:2)
  3 dart slugs (D:1)
  5 orcs (D:3)
  3 bats
  10 endoplasms
  A giant cockroach (D:1)
  5 goblins
  4 hobgoblins
  3 jackals (D:1)
  2 quokkas (D:2)
  6 ball pythons
  2 frilled lizards
  5 kobolds
  4 rats
66 creatures vanquished.

Notes
Turn   | Place    | Note
-------+----------+-------------------------------------------
     0 | D:1      | Deminshera the Kobold Brigand began the quest for the Orb.
     0 | D:1      | Reached XP level 1. HP: 12/12 MP: 1/1
   436 | D:1      | Reached XP level 2. HP: 18/18 MP: 2/2
   976 | D:1      | Reached XP level 3. HP: 22/22 MP: 3/3
  1403 | D:1      | Reached skill level 6 in Stealth
  1902 | D:2      | Noticed Jessica
  1906 | D:2      | Killed Jessica
  1907 | D:2      | Reached XP level 4. HP: 27/27 MP: 4/4
  2735 | D:3      | Reached XP level 5. HP: 28/32 MP: 5/5
  2865 | D:3      | Found a faded altar of an unknown god.
  4014 | D:4      | Found Beodaatz's Serpentskin Sales.
  4135 | D:4      | Bought a +2 leather armour of poison resistance for 160
                  | gold pieces
  4449 | D:4      | Reached skill level 5 in Short Blades
  4449 | D:4      | Reached skill level 7 in Stealth
  4449 | D:4      | Reached XP level 6. HP: 8/37 MP: 6/6
  4925 | D:4      | Noticed a necrophage
  4951 | D:4      | Killed a necrophage
  5391 | D:5      | Entered Level 5 of the Dungeon
  5412 | D:5      | Noticed a necrophage
  5664 | D:5      | Killed a necrophage
  5665 | D:5      | Reached skill level 8 in Stealth
  5665 | D:5      | Reached XP level 7. HP: 38/42 MP: 7/7
  5793 | D:5      | Noticed Dowan
  5798 | D:5      | Killed Dowan
  5799 | D:5      | Noticed Duvessa
  5832 | D:5      | Slain by Duvessa

Illustrated notes

Levels and vault maps discovered:
D:1:      minmay_arrival_solitary_statue, layout_loops_corners
D:2:      layout_loops_ring, uniq_jessica
D:3:      layout_loops_cross, shapermc_ecumenical_altar_mp_urbaneastern
D:4:      layout_loops_ring, guppyfry_shop_venom
D:5:      layout_basic, demons_altar, nicolae_concentric_dashed_squares_wild,
          uniq_sigmund, uniq_crazy_yiuf_cottage, uniq_edmund, uniq_duvessa

Skill      XL: |  1  2  3  4  5  6  7 |
---------------+----------------------+-----
Short Blades   | 3 4 5 6 |  6.4
Stealth        | 6 7 8 |  8.4
Fighting       | 3 4 |  4.0
Throwing       | |  2.1
Dodging        | |  1.2

Action                   |  1- 3 |  4- 6 |  7- 9 || total
-------------------------+-------+-------+-------++-------
Melee: Dagger            |    72 |   150 |     7 ||   229
Throw: Dart              |       |     8 |     2 ||    10
  Use: Potion            |       |     1 |       ||     1
 Stab: Sleeping          |    12 |    17 |     1 ||    30
Armor: Robe              |    12 |     9 |       ||    21
       Leather armour    |       |    19 |       ||    19
Dodge: Dodged            |    36 |    62 |     2 ||   100

Table legend: (Time is in decaauts)
 A = Elapsed time spent in this place.
 B = Non-inter-level travel time spent in this place.
 C = Inter-level travel time spent in this place.
 D = Time resting spent in this place.
 E = Time spent auto-exploring this place.
 F = Levels seen in this place.
 G = Mean time per level.
                   A        B        C        D        E       F      G
               +--------+--------+--------+--------+--------+-----+--------+
         Total |   5782 |   5677 |    105 |   1955 |   3183 |   5 | 1156.4 |
       Dungeon |   5782 |   5677 |    105 |   1955 |   3183 |   5 | 1156.4 |
               +--------+--------+--------+--------+--------+-----+--------+

Top non-repeatable levels by time:
     D:4: 1760 daAuts
     D:1: 1565 daAuts
     D:2: 1129 daAuts
     D:3: 1111 daAuts
     D:5: 216 daAuts
